 Dungeon Crawl Stone Soup version 0.28.0-53-g5a82cb258f (webtiles) character file.

Game seed: 16162314050541975160

50 Zeld the Ogre Mage (level 3, 0/35 HPs)
             Began as an Ogre Transmuter on May 22, 2022.
             Slain by an adder (4 damage)
             ... on level 4 of the Dungeon.
             The game lasted 00:01:52 (2033 turns).

Zeld the Ogre Mage (Ogre Transmuter)                Turns: 2033, Time: 00:01:53

Health: 0/35       AC:  3    Str: 16    XL:     3   Next: 79%
Magic:  6/7        EV: 10    Int: 14    God:
Gold:   81         SH:  0    Dex:  9    Spells: 2/8 levels left

rFire   . . .      SeeInvis .     - Unarmed
rCold   . . .      Faith    .   (no shield)
rNeg    . . .      Spirit   .   a - +0 robe
rPois   .          Reflect  .   (helmet currently unavailable)
rElec   .          Harm     .   (no cloak)
rCorr   .          Rampage  .   (gloves unavailable)
Will    .....                   (boots unavailable)
Stlth   +.........              (no amulet)
HPRegen 0.11/turn               (no ring)
MPRegen 0.10/turn               (no ring)

@: lethally poisoned (0 -> -8), appendages
A: horns 2, talons 2, large, unfitting armour, tough skin 1
a: End Transformation


You were on level 4 of the Dungeon.
You had temporarily grown beastly horns and talons.
You visited 1 branch of the dungeon, and saw 4 of its levels.

You collected 81 gold pieces.

Inventory:

Armour
 a - a +0 robe (worn)
Wands
 h - a wand of digging (7)
 k - a wand of mindburst (15)
Scrolls
 b - a scroll of amnesia {unknown}
 e - a scroll of identify {unknown}
 g - a scroll of fear {unknown}
 i - a scroll of teleportation {unknown}
 j - a scroll of enchant weapon {unknown}
Potions
 c - 2 potions of haste {unknown}
 d - 2 potions of flight {unknown}
 f - a potion of cancellation {unknown}


   Skills:
 + Level 2.1 Fighting
 + Level 2.0 Dodging
 - Level 2.6 Unarmed Combat
 * Level 3.1 Spellcasting
 * Level 2.4 Transmutations
 + Level 0.7 Ice Magic
 + Level 0.4 Poison Magic


You had 2 spell levels left.
You knew the following spells:

 Your Spells              Type           Power      Damage    Failure   Level
a - Beastly Appendage     Tmut           18%        N/A       8%          1
b - Wereblood             Tmut           9%         N/A       12%         2
c - Spider Form           Tmut/Pois      6%         N/A       34%         3

Your spell library contained the following spells:

 Spells                   Type           Power      Damage    Failure   Level
 Ice Form                 Ice/Tmut       6%         N/A       73%         4


Dungeon Overview and Level Annotations

Branches:
Dungeon (4/15)
 Temple: D:4-7

Altars:
Gozag


Innate Abilities, Weirdness & Mutations

You have temporarily grown beastly horns and talons.
You are too large for most types of armour.
You have tough skin. (AC +1)


Message History

You closely miss the adder. You claw the adder, but do no damage.
The adder is lightly wounded.
You feel sick. The adder barely misses you. The ball python closely misses you.
Unknown command.
You barely miss the adder.
The adder is lightly wounded.
You feel sick. The adder bites you.
You are more poisoned.
The adder poisons you!
The ball python bites you but does no damage.
The adder misses you.
You hit the adder but do no damage. Your kick misses the adder.
You headbutt the adder.
The adder is heavily wounded.
You feel sick. The ball python bites you.
The adder bites you but does no damage.
Unknown command.
You hit the adder. Your kick misses the adder.
The adder is severely wounded.
You feel sick. The ball python completely misses you. The adder misses you.
Unknown command.
You hit the adder.
The adder is almost dead.
You feel sick. The adder misses you. The ball python barely misses you.
Unknown command.
You closely miss the adder. Your headbutt misses the adder.
The adder is almost dead.
You feel sick. The adder bites you.
* * * LOW HITPOINT WARNING * * *
You are lethally poisoned!
The adder poisons you!
The ball python bites you but does no damage.
You hit the adder but do no damage.
The adder is almost dead.
* * * LOW HITPOINT WARNING * * *
You feel sick. The adder bites you but does no damage.
The ball python bites you.
* * * LOW HITPOINT WARNING * * *
The adder bites you.
You die...

.# .. .# .# .#
#######.#
#########.......#
#.........#####.##
#.######..S@S....#
#.# #..#####..#
#.# ####..##. ..#
#.# #.......< ...
#.###.##..... ...#
#.........### ..##
#####.###.# #.#
#.. #.#


You could see an adder and a ball python.

Vanquished Creatures
  A worm (D:2)
  2 dart slugs (D:1)
  3 bats
  5 endoplasms
  6 hobgoblins
  4 kobolds
  A quokka (D:1)
  4 ball pythons
  2 frilled lizards
  9 goblins
  A rat (D:2)
38 creatures vanquished.

Notes
Turn   | Place    | Note
-------+----------+-------------------------------------------
     0 | D:1      | Zeld the Ogre Transmuter began the quest for the Orb.
     0 | D:1      | Reached XP level 1. HP: 19/19 MP: 3/3
   227 | D:1      | Reached XP level 2. HP: 25/28 MP: 3/5
   269 | D:1      | Learned a level 2 spell: Wereblood
   635 | D:1      | Reached XP level 3. HP: 33/35 MP: 5/7
   639 | D:1      | Learned a level 3 spell: Spider Form
  1077 | D:2      | Reached skill level 3 in Spellcasting
  1708 | D:2      | Found an opulent altar of Gozag.
  1966 | D:3      | You fall into a shaft and drop 1 floor!
  2012 | D:4      | Noticed a scorpion
  2033 | D:4      | Slain by an adder

Illustrated notes

Levels and vault maps discovered:
D:1:      pf_arrival_petrified_forest, layout_loops_ring
D:2:      layout_loops_cross, basic_altar
D:3:      layout_loops_corners, mainiacjoe_overflow_chevrons,
          nicolae_wu_jian_glorious_leap, nicolae_overflow_hidden_temple,
          hellmonk_ecumenical_altar_watching_god, chequers_serial_rivers_room_b,
          grunt_ministairs_14
D:4:      layout_loops_corners, kennysheep_generic_room_13, uniq_edmund

Skill      XL: |  1  2  3 |
---------------+----------+-----
Transmutations | 2 |  2.4
Dodging        | 2 |  2.0
Spellcasting   | 3 |  3.1
Fighting       | 2 |  2.1
Unarmed Combat | |  2.6
Ice Magic      | |  0.7
Poison Magic   | |  0.4

Action                   || total
-------------------------++-------
Melee: Unarmed           ||   107
       Kick              ||    22
       Headbutt          ||    10
       Punch             ||     3
 Cast: Beastly Appendage ||    36
Armor: Robe              ||    36
Dodge: Dodged            ||    69
